 Dungeon Crawl Stone Soup version 0.18.1-1-g2f07953 (webtiles) character file.

502 varam the Covert (level 6, -5/28 HPs)
             Began as a Spriggan Enchanter on May 6, 2016.
             Slain by Duvessa
             ... wielding a +0 short sword of electrocution
              (15 damage)
             ... on level 4 of the Dungeon on May 7, 2016.
             The game lasted 00:24:23 (8102 turns).

varam the Covert (Spriggan Enchanter)               Turns: 8102, Time: 00:24:24

Health: -5/28      AC:  4    Str:  4    XL:     6   Next: 95%
Magic:  6/12       EV: 18    Int: 16    God:
Gold:   238        SH:  0    Dex: 19    Spells: 3 memorised, 6 levels left

rFire  x . .     SeeInvis +     j - +1 dagger (speed)
rCold  + . .     Gourm    .     a - +2 robe {MR+}
rNeg   . . .     Faith    .     (shield restricted)
rPois  .         Spirit   .     (helmet restricted)
rElec  .         Dismiss  .     (no cloak)
rCorr  .         Reflect  .     (gloves unavailable)
SustAt .         Harm     .     (boots unavailable)
MR     ++...                    (no amulet)
Stlth  +++++.....               (no ring)
                                h - ring of ice

@: very quick, very resistant to hostile enchantments, quite stealthy
A: unfitting armour, see invisible, herbivore 3, speed 3, slow metabolism 2
a: no special abilities


You were on level 4 of the Dungeon.
You were not hungry.

You visited 1 branch of the dungeon, and saw 4 of its levels.
You also visited: Sewer.

You collected 238 gold pieces.

Inventory:

Hand Weapons
 j - a +1 dagger of speed (weapon)
Armour
 a - a +2 robe of magic resistance (worn)
Jewellery
 h - a ring of ice (left hand)
 p - an uncursed ring of ice
Wands
 u - a wand of heal wounds (5/9)
Scrolls
 b - a scroll of enchant weapon {unknown}
 g - 2 scrolls of remove curse
 i - 2 scrolls of identify {unknown}
 k - 3 scrolls of teleportation
 l - 2 scrolls of fog {unknown}
 q - 3 scrolls of fear {unknown}
 s - a scroll of magic mapping {unknown}
 t - a scroll of recharging {unknown}
 v - 2 scrolls of immolation {unknown}
Potions
 d - a potion of cure mutation {unknown}
 e - 2 potions of might {unknown}
 f - a potion of ambrosia {unknown}
 m - a potion of brilliance {unknown}
 n - a potion of haste {unknown}
 o - a potion of mutation {unknown}
Books
 c - a book of Maledictions

   Spells                             Type                      Level
   a - Corona                         Hexes                        1
   b - Ensorcelled Hibernation        Hexes/Ice                    2
   c - Confuse                        Hexes                        3
   d - Tukima's Dance                 Hexes                        3
   e - Dazzling Spray                 Conjuration/Hexes            3
Comestibles
 r - a bread ration


   Skills:
 - Level 5.2 Short Blades
 - Level 3.0 Dodging
 - Level 8.1 Stealth
 + Level 3.9 Spellcasting
 + Level 4.7 Hexes


You had 6 spell levels left.
You knew the following spells:

 Your Spells              Type           Power        Failure   Level  Hunger
a - Ensorcelled Hibernat  Hex/Ice        ###...       12%         2    ##.....
b - Corona                Hex            ###....      2%          1    None
c - Confuse               Hex            ###.....     10%         3    ###....


Dungeon Overview and Level Annotations

Branches:
Dungeon (4/15)
 Temple: D:4-7

Altars:

Annotations:
D:4 Duvessa


Innate Abilities, Weirdness & Mutations

You are tiny and cannot use many weapons and most armour.
You have supernaturally acute eyesight.
You are a herbivore.
You cover ground extremely quickly.
You need consume almost no food.


Message History

Duvessa goes berserk!
Things that are here:
a dagger; a robe
Casting: Confuse
Confirm with . or Enter, or press ? or * to list all spells.
Aiming: Confuse
Press: ? - help, Shift-Dir - straight line, f - Duvessa
Aim: Duvessa, wielding a short sword of electrocution (berserk, fast, unusually strong, chance to defeat MR: 31%) Duvessa easily resists.
Casting: Confuse
Confirm with . or Enter, or press ? or * to list all spells.
Aiming: Confuse
Press: ? - help, Shift-Dir - straight line, f/p - Duvessa
Aim: Duvessa, wielding a short sword of electrocution (berserk, fast, unusually strong, chance to defeat MR: 31%) Duvessa easily resists.
Duvessa hits you with a short sword of electrocution!!
Ouch! That really hurt!
You are electrocuted!
Ouch! That really hurt!
You die...

#.# #.#
#^# #.#
#.# #[#
#.#
#<#######
#<#....@#
#.#.###e#
#...# #.#
##### #)#
........#
#########


You could see Duvessa (berserk).

Vanquished Creatures
  A giant frog (Sewer)
  Dowan (D:4)
  An orc priest (D:3)
  An orc wizard (D:3)
  17 adders
  11 oozes (Sewer)
  3 worms
  14 giant geckos
  3 orcs
  7 ball pythons
  15 giant cockroaches
  5 goblins
  5 hobgoblins
  4 jackals (D:1)
  7 bats
  16 giant newts
  7 kobolds
  5 rats
123 creatures vanquished.

Notes
Turn   | Place    | Note
--------------------------------------------------------------
     0 | D:1      | varam the Spriggan Enchanter began the quest for the Orb.
     0 | D:1      | Reached XP level 1. HP: 9/9 MP: 5/5
   445 | D:1      | Reached XP level 2. HP: 4/13 MP: 3/6
   754 | D:1      | Learned a level 2 spell: Ensorcelled Hibernation
   860 | D:1      | Reached skill level 5 in Stealth
  1636 | D:2      | Reached XP level 3. HP: 16/16 MP: 4/8
  2461 | D:2      | Reached skill level 6 in Stealth
  2461 | D:2      | Reached XP level 4. HP: 21/21 MP: 9/9
  3075 | D:3      | Learned a level 3 spell: Confuse
  3249 | D:3      | Found a glowing drain.
  3256 | Sewer    | Entered a sewer
  3790 | Sewer    | Reached XP level 5. HP: 20/24 MP: 0/10
  4003 | Sewer    | Reached skill level 7 in Stealth
  5902 | Sewer    | Reached skill level 8 in Stealth
  5936 | Sewer    | Reached XP level 6. HP: 20/28 MP: 0/11
  6467 | D:3      | Reached skill level 5 in Short Blades
  8093 | D:4      | Noticed Dowan
  8096 | D:4      | Killed Dowan
  8097 | D:4      | Noticed Duvessa
  8102 | D:4      | Slain by Duvessa

Skill      XL: |  1  2  3  4  5  6 |
---------------+-------------------+-----
Short Blades   | 2 3 4 5 |  5.2
Stealth        | 5 6 8 |  8.1
Spellcasting   | 3 |  3.9
Hexes          | 4 |  4.7
Dodging        | |  3.0

Action                   |  1- 3 |  4- 6 || total
-------------------------+-------+-------++-------
Melee: Dagger            |   127 |   348 ||   475
 Cast: Corona            |     4 |    25 ||    29
       Ensorcelled Hiber |    29 |    61 ||    90
       Confuse           |       |    23 ||    23
  Use: Scroll            |       |     2 ||     2
 Stab: Sleeping          |    31 |    54 ||    85
       Confused          |       |     6 ||     6
       Distracted        |       |     1 ||     1
  Eat: Bread ration      |     1 |     2 ||     3
       Fruit             |       |     1 ||     1
Armor: Robe              |    13 |    30 ||    43
Dodge: Dodged            |    66 |   237 ||   303
